 Dungeon Crawl Stone Soup version 0.25-b1-41-g19641232cd (webtiles) character file.

Game seed: 10473158852746916525

76911 1994 the Severer (level 15, -11/124 HPs)
             Began as a Hill Orc Chaos Knight on June 7, 2020.
             Was a Plaything of Xom.
             Mangled by Rupert
             ... wielding a +2 vorpal great mace
              (20 damage)
             ... on level 13 of the Dungeon on June 8, 2020.
             The game lasted 01:05:46 (30687 turns).

1994 the Severer (Hill Orc Chaos Knight)           Turns: 30687, Time: 01:05:47

Health: -11/124    AC: 25    Str: 27 (28) XL:     15   Next: 55%
Magic:  15/15      EV: 10    Int:  9 (10) God:    Xom [.*....]
Gold:   1203       SH:  5    Dex: 15 (16) Spells: 14/14 levels left

rFire    . . .     SeeInvis .   a - +0 battleaxe
rCold    . . .     Gourm    .   (shield currently unavailable)
rNeg     . . .     Faith    .   h - +0 plate armour
rPois    .         Spirit   .   H - +1 helmet
rElec    .         Reflect  +   k - +0 cloak
rCorr    .         Harm     .   W - +1 pair of gloves
MR       +....     Clarity  +   q - +0 pair of boots
Stlth    ..........             X - amulet of reflection
HPRegen  0.30/turn              j - +6 ring of strength
MPRegen  0.14/turn              s - +6 ring of dexterity

@: mighty, very slightly contaminated
A: talons 1, clarity, deterioration 1, dopey 1, frail 1, screaming 2
a: Renounce Religion


You were on level 13 of the Dungeon.
You worshipped Xom.
You were a plaything of Xom.
You were not hungry.

You visited 3 branches of the dungeon, and saw 20 of its levels.
You also visited: Sewer and Bailey.

You collected 1203 gold pieces.

Inventory:

Hand Weapons
 a - a +0 battleaxe (weapon)
 t - a +0 hand axe of chaos
Missiles
 e - 544 stones
 f - 74 boomerangs
 i - 3 throwing nets
 r - 103 poisoned darts
 J - 5 atropa-tipped darts
 N - 3 curare-tipped darts
 Y - 6 datura-tipped darts (quivered)
Armour
 h - a +0 plate armour (worn)
 k - a +0 cloak (worn)
 q - a +0 pair of boots (worn)
 H - a +1 helmet (worn)
 W - a +1 pair of gloves (worn)
Jewellery
 j - a +6 ring of strength (left hand)
 s - a +6 ring of dexterity (right hand)
 E - an uncursed ring of fire
 L - an uncursed ring of ice
 M - an uncursed ring of resist corrosion
 V - an uncursed ring of see invisible
 X - an amulet of reflection (around neck)
Wands
 p - a wand of digging (3)
 u - a wand of polymorph (11)
 v - a wand of flame (11)
 I - a wand of enslavement (13)
 K - a wand of iceblast (15)
 P - a wand of paralysis (8)
Scrolls
 g - 14 scrolls of teleportation
 o - a scroll of blinking
 y - 5 scrolls of magic mapping
 B - 4 scrolls of fog
 F - 3 scrolls of silence
 Q - a scroll of holy word
 S - 3 scrolls of remove curse
 T - 4 scrolls of identify
 U - 3 scrolls of fear
 Z - 3 scrolls of enchant weapon
Potions
 b - 2 potions of lignification
 d - a potion of haste
 l - 3 potions of mutation
 m - 4 potions of resistance
 w - 3 potions of might
 x - 3 potions of magic
 z - 2 potions of brilliance
 A - 11 potions of curing
 C - 4 potions of heal wounds
 D - 3 potions of invisibility
 G - 3 potions of flight
 R - 2 potions of cancellation
Comestibles
 c - 39 rations
 O - a chunk of flesh


   Skills:
 + Level 14.0 Fighting
 * Level 19.9 Axes
 - Level 12.0 Throwing
 * Level 15.5 Armour
 - Level 3.7 Dodging


You had 14 spell levels left.
You didn't know any spells.
Your spell library contained the following spells:

 Spells                   Type           Power        Failure   Level  Hunger
 Beastly Appendage        Tmut           #.....       94%         1    ##.....
 Corona                   Hex            #......      94%         1    ##.....
 Slow                     Hex            #.......     98%         2    ###....
 Sticks to Snakes         Tmut           #.......     98%         2    ###....
 Inner Flame              Hex/Fire       #.......     100%        3    ####...
 Portal Projectile        Hex/Tloc       #.....       100%        3    ####...
 Spider Form              Tmut/Pois      #.........   100%        3    ####...
 Cause Fear               Hex            #.........   100%        4    #####..
 Ice Form                 Ice/Tmut       #.......     100%        4    #####..
 Leda's Liquefaction      Hex/Erth       #.........   100%        4    #####..
 Blade Hands              Tmut           #.........   100%        5    ######.


Dungeon Overview and Level Annotations

Branches:
Dungeon (13/15)            Temple (1/1) D:5            Lair (6/6) D:11
  Swamp (0/4) Lair:4       Spider (0/4) Lair:3        Slime (0/5) Lair:5
    Orc (0/2) D:11         Vaults (0/5) D:13          Sewer (visited)
 Bailey (visited)

Altars:
Ashenzari
Cheibriados
Dithmenos
Elyvilon
Fedhas
Gozag
Kikubaaqudgha
Makhleb
Nemelex Xobeh
Okawaru
Qazlal
Ru
Sif Muna
Trog
Uskayaw
Vehumet
Wu Jian
Xom
Yredelemnul
Zin
The Shining One

Shops:
D:10 *

Annotations:
D:13 Rupert


Innate Abilities, Weirdness & Mutations

You have sharp toenails.
You possess an exceptional clarity of mind.
Your body sometimes deteriorates upon taking damage.
You are dopey. (Int -2)
You are frail. (-10% HP)
You sometimes yell uncontrollably at your foes.


Message History

Your plate armour prevents you from hitting the vault guard.
You slice the orc!!
You kill the orc!
You slash Rupert!
Flame seeps out of Rupert.
You hit the vault guard.
Flame seeps out of the vault guard.
The kobold demonologist casts a spell.
The vault guard is engulfed in blazing flames.
Flame seeps out of the vault guard.
The vault guard completely misses you.
The worker ant is engulfed in blazing flames.
The worker ant explodes!
The fiery explosion engulfs you!!
* * * LOW HITPOINT WARNING * * *
Your body deteriorates!
You feel clumsy.
You emit a cloud of colourful smoke!
The fiery explosion engulfs the vault guard!
The vault guard is moderately wounded.
Rupert is engulfed in blazing flames.
Flame seeps out of Rupert.
Rupert hits you with a +2 vorpal great mace!!
You die...
Xom laughs nastily!

.# #....###.......
.# #......#.......
.# ...............
.# ........YY.# ##
#..VYY# #.°Ya##
#z.p§## ## ##
+.hp@p## . ...
#..h@p§##.#o..#
#.§§§○§.#.us... ##
######...§§§.Z...∩..
.#
#.......#....#.....
.#
#....>.##...##.#...
.# #..........## ..
.# #......#..##
.###+###.....###K##
........###...##..##


You could see Rupert (berserk, inner flame), 4 vault guards, a skeletal warrior,
a kobold demonologist, 5 yaks, a soldier ant, a vampire (inner flame), a howler
monkey (inner flame), a hound and a centaur warrior skeleton (inner flame).

Vanquished Creatures
  An orc warlord (Bailey)
  4 hydras
  A centaur warrior (D:13)
  A death knight (D:11)
  3 catoblepae (Lair:6)
  3 two-headed ogres
  9 death yaks (Lair:6)
  A deep elf knight (D:12)
  A fire crab (Lair:5)
  2 unseen horrors (D:11)
  An orc knight (D:12)
  2 deep elf magi (D:12)
  3 ugly things
  2 wolf spiders (Lair:3)
  2 manticores (Lair:6)
  Joseph (D:9)
  Maurice (D:8)
  11 elephants
  6 black mambas
  5 spiny frogs
  Psyche (D:8)
  3 rime drakes
  7 komodo dragons
  An efreet (D:12)
  2 jumping spiders (Lair:3)
  2 trolls
  A polar bear (shapeshifter) (Lair:6)
  5 polar bears
  A hornet (D:10)
  8 hippogriffs
  20 blink frogs
  8 slime creatures
  A raiju (Lair:1)
  A bog body (Lair:4)
  2 spriggans (Lair:5)
  A vampire (D:12)
  8 wyverns
  Eustachio (D:4)
  2 basilisks
  32 yaks
  A steam dragon (D:12)
  2 hungry ghosts
  9 vampire mosquitoes
  3 wargs
  15 water moccasins
  An acid dragon (D:10)
  Duvessa (D:4)
  3 swamp worms (Lair:4)
  7 porcupines
  9 orc warriors
  5 sky beasts
  10 ice beasts
  An eye of draining (shapeshifter) (Lair:1)
  6 black bears
  5 phantoms
  An eye of draining (D:9)
  6 ogres
  10 wolves
  4 centaurs
  2 big kobolds
  10 crocodiles
  10 bullfrogs
  A gnoll sergeant (D:12)
  3 wyvern skeletons
  3 scorpions
  Dowan (D:4)
  A water moccasin skeleton (D:12)
  6 killer bees (D:10)
  13 wights
  An electric eel (Lair:4)
  A howler monkey (D:4)
  5 crimson imps
  A bullfrog zombie (D:12)
  3 centaur zombies
  5 jellies
  9 hounds
  5 orc priests
  13 orc wizards
  2 bullfrog skeletons
  Ijyb (D:3)
  3 centaur skeletons
  Natasha (twice) (D:3)
  3 iguanas
  6 worker ants
  A killer bee zombie (D:7)
  2 hound zombies
  A hound skeleton (D:9)
  3 worker ant zombies
  A howler monkey skeleton (D:8)
  18 gnolls
  22 adders
  4 river rats (Sewer)
  5 shadow imps
  7 oozes
  An adder skeleton (D:7)
  3 worms
  A dart slug (D:2)
  12 leopard geckos
  40 orcs
  8 giant cockroaches
  11 goblins
  11 hobgoblins
  16 jackals
  25 kobolds
  3 quokkas
  10 ball pythons
  6 bats
  13 frilled lizards
  2 jackal skeletons (D:4)
  A quokka zombie (D:6)
  35 rats
  5 bushes
  3 fungi
  8 plants
654 creatures vanquished.

Vanquished Creatures (collateral kills)
  A death yak (Lair:6)
  A black mamba (Lair:6)
  A basilisk (Lair:6)
  A crocodile (Lair:6)
  An orc priest (D:5)
  An orc wizard (D:5)
  A shadow imp (D:5)
  An orc (D:5)
  A fungus (Lair:6)
9 creatures vanquished.

Vanquished Creatures (others)
  4 yaks (Lair:5)
  An orc warrior (Bailey)
  A worker ant (D:5)
  An adder (Sewer)
  2 orcs (D:10)
  A giant cockroach (D:1)
  A hobgoblin (D:3)
  16 fungi
  17 plants
44 creatures vanquished.

Grand Total: 707 creatures vanquished

Notes
Turn   | Place    | Note
-------+----------+-------------------------------------------
     0 | D:1      | 1994 the Hill Orc Chaos Knight began the quest for the Orb.
     0 | D:1      | Reached XP level 1. HP: 19/19 MP: 1/1
     1 | D:1      | Found a runed translucent door.
    30 | D:1      | XOM: silly message
    31 | D:1      | XOM: potion effect (heal wounds)
    38 | D:1      | Reached XP level 2. HP: 24/27 MP: 2/2
    44 | D:1      | Reached skill level 1 in Throwing
    55 | D:1      | Reached XP level 3. HP: 24/33 MP: 3/3
   168 | D:1      | XOM: silly message
   196 | D:1      | XOM: divination: magic mapping
   196 | D:1      | XOM: smoke on damage
   294 | D:1      | XOM: divination: magic mapping
   349 | D:1      | Reached skill level 5 in Axes
   420 | D:1      | XOM: noise
   641 | D:1      | Reached XP level 4. HP: 33/40 MP: 4/4
  1281 | D:1      | XOM: stat loss: -1 Str (14/15)
  1384 | D:2      | XOM: torment (19/40 hp)
  1789 | D:2      | XOM: silly message
  1925 | D:2      | Reached XP level 5. HP: 15/47 MP: 5/5
  2173 | D:2      | Found a blossoming altar of Fedhas.
  2338 | D:2      | XOM: noise
  2416 | D:1      | XOM: god gift: 11 stones
  2605 | D:1      | XOM: stat loss: -1 Dex (9/10)
  2857 | D:2      | XOM: give mutations
  2857 | D:2      | Gained mutation: You are dopey. (Int -2) [Xom's mischief]
  2857 | D:2      | Gained mutation: Scrolls take you a little longer to read.
                  | [Xom's mischief]
  2857 | D:2      | Gained mutation: You are robust. (+10% HP) [Xom's mischief]
  2857 | D:2      | Gained mutation: Your body sometimes deteriorates upon
                  | taking damage. [Xom's mischief]
  3038 | D:3      | Noticed Ijyb
  3056 | D:3      | Killed Ijyb
  3117 | D:3      | Reached skill level 6 in Axes
  3221 | D:2      | Reached XP level 6. HP: 49/58 MP: 6/6
  3354 | D:3      | Noticed Natasha
  3356 | D:3      | Found a shimmering blue altar of Sif Muna.
  3359 | D:3      | XOM: swap monsters
  3370 | D:3      | Killed Natasha
  3527 | D:3      | Noticed Natasha
  3542 | D:3      | Killed Natasha
  3618 | D:3      | XOM: summons 2 hostile demons
  3893 | D:3      | XOM: enchant monster (bad)
  3895 | D:3      | Reached skill level 5 in Fighting
  3993 | D:3      | Found a stormy altar of Qazlal.
  4090 | D:4      | Found a glowing drain.
  4126 | Sewer    | Entered a sewer
  4610 | Sewer    | Reached XP level 7. HP: 56/67 MP: 7/7
  4611 | Sewer    | XOM is BORED!
  4611 | Sewer    | XOM: stat loss: -2 Dex (8/10)
  4781 | Sewer    | XOM: summons 4 hostile demons
  5014 | Sewer    | XOM: summons 2 hostile shadow creatures
  5093 | Sewer    | XOM: polymorph frilled lizard -> leopard gecko
  5106 | Sewer    | Reached skill level 7 in Axes
  5595 | D:4      | XOM: torment (35/67 hp)
  5837 | D:4      | XOM: summons 1 hostile demon
  6017 | D:4      | Noticed Dowan
  6026 | D:4      | Noticed Duvessa
  6047 | D:4      | Killed Dowan
  6050 | D:4      | Killed Duvessa
  6059 | D:4      | Reached XP level 8. HP: 27/75 MP: 8/8
  6168 | D:4      | XOM: stat loss: -1 Int (9/10)
  6877 | D:5      | Entered Level 5 of the Dungeon
  6964 | D:5      | Found a white marble altar of Elyvilon.
  6970 | D:5      | Noticed Eustachio
  7012 | D:4      | XOM: confusion
  7019 | D:4      | XOM: confusion (+ monsters)
  7026 | D:4      | Killed Eustachio
  7026 | D:4      | Reached skill level 8 in Axes
  7104 | D:5      | XOM: confusion
  7108 | D:5      | XOM: summons 5 hostile demons
  7110 | D:5      | XOM: enchant monster (good)
  7364 | D:5      | Found an opulent altar of Gozag.
  7378 | D:5      | XOM: chaos upgrade
  7383 | D:5      | Reached skill level 5 in Throwing
  7524 | D:5      | Found a staircase to the Ecumenical Temple.
  7789 | D:5      | Identified the +8 dagger of the Dancing Hero {vamp, rC+}
  7907 | D:5      | Found a basalt altar of Yredelemnul.
  7922 | D:5      | Reached skill level 9 in Axes
  8082 | D:5      | XOM: summons 7 friendly demons
  8114 | D:5      | XOM: divine lightning
  8162 | Temple   | Entered the Ecumenical Temple
  8317 | Temple   | XOM: 4-stop teleportation journey
  8808 | D:6      | XOM: cleaving
  8809 | D:6      | XOM: swap monsters
  8817 | D:6      | Reached XP level 9. HP: 85/85 MP: 9/9
  8881 | D:6      | XOM: repel stairs
  9162 | D:7      | XOM: potion effect (invisibility)
  9167 | D:7      | Reached skill level 10 in Axes
  9172 | D:7      | XOM: smoke on damage
  9403 | D:7      | XOM: polymorph orc warrior -> big kobold
 10061 | D:7      | XOM: draining
 10108 | D:7      | XOM: smoke on damage
 10360 | D:7      | XOM: confusion
 10605 | D:7      | XOM: stat loss: -1 Dex (15/16)
 10770 | D:8      | Noticed Psyche
 10781 | D:8      | Killed Psyche
 10781 | D:8      | Reached skill level 11 in Axes
 10803 | D:8      | XOM: chaos upgrade
 11031 | D:8      | Noticed Maurice
 11042 | D:8      | Killed Maurice
 11042 | D:8      | Reached XP level 10. HP: 96/96 MP: 10/10
 11247 | D:8      | XOM: 8-stop teleportation journey
 11289 | D:8      | Found a glowing silver altar of Zin.
 11290 | D:8      | Found a shadowy altar of Dithmenos.
 11452 | D:8      | XOM: scenery: 1 doors open
 11477 | D:8      | XOM: smoke on damage
 11594 | D:8      | XOM: fog
 11684 | D:8      | Reached skill level 12 in Axes
 11722 | D:8      | XOM is BORED!
 11722 | D:8      | XOM: summons 3 hostile demons
 12328 | D:9      | Found a glowing golden altar of the Shining One.
 12409 | D:9      | XOM: give mutations
 12409 | D:9      | Gained mutation: You occasionally shout uncontrollably at
                  | your foes. [Xom's mischief]
 12409 | D:9      | Gained mutation: Scrolls take you longer to read. [Xom's
                  | mischief]
 12409 | D:9      | Gained mutation: Scrolls take you much longer to read.
                  | [Xom's mischief]
 12428 | D:9      | Found a flagged portal.
 12451 | Bailey   | Entered a bailey
 12456 | Bailey   | Noticed an orc warlord
 12611 | Bailey   | XOM: 1-stop teleportation journey
 12660 | Bailey   | XOM: enchant monster (bad)
 12661 | Bailey   | HP: 3/99 [orc warrior/+0 hand axe (21)]
 13169 | Bailey   | XOM: swap monsters
 13183 | Bailey   | XOM: divine lightning
 13201 | Bailey   | Found a runed translucent gate.
 13202 | Bailey   | Found a runed translucent gate.
 13203 | Bailey   | Found a runed translucent gate.
 13397 | Bailey   | XOM: enchant monster (bad)
 13415 | Bailey   | Upgraded the game from 0.25-b1-38-g32f9adbbe0 to
                  | 0.25-b1-41-g19641232cd
 13426 | Bailey   | XOM: enchant monster (bad)
 13501 | Bailey   | XOM: silly message
 13506 | Bailey   | XOM: blink monster(s)
 13517 | Bailey   | XOM: cleaving
 13524 | Bailey   | XOM: fog
 13555 | Bailey   | Killed an orc warlord
 13675 | Bailey   | XOM: cloud trail
 13783 | Bailey   | Reached skill level 10 in Fighting
 13783 | Bailey   | Reached skill level 14 in Axes
 13783 | Bailey   | Reached skill level 10 in Throwing
 13783 | Bailey   | Reached XP level 11. HP: 108/108 MP: 11/11
 13784 | Bailey   | Reached skill level 15 in Axes
 13784 | Bailey   | Reached skill level 10 in Armour
 13784 | Bailey   | Reached XP level 12. HP: 118/118 MP: 12/12
 14119 | D:9      | Noticed Joseph
 14138 | D:9      | XOM: blink monster(s)
 14145 | D:9      | Killed Joseph
 14496 | D:9      | Found a sacrificial altar of Ru.
 14746 | D:9      | XOM: cloud trail
 14890 | D:10     | Entered Level 10 of the Dungeon
 15044 | D:10     | Found Onimuxti's Assorted Antiques.
 15200 | D:10     | XOM: smoke on damage
 15416 | D:10     | XOM: summons 4 friendly demons
 15478 | D:10     | XOM: god gift: spear {god gift}
 15500 | D:10     | Reached XP level 13. HP: 41/127 MP: 13/13
 15787 | D:10     | XOM: silly message
 15820 | D:10     | XOM: destruction
 16015 | D:10     | XOM: god gift: 15 arrows
 16213 | D:11     | Found a bloodstained altar of Trog.
 16214 | D:11     | XOM: noise
 16628 | D:11     | XOM: smoke on damage
 16637 | D:11     | Reached skill level 16 in Axes
 16640 | D:11     | XOM: polymorph wyvern -> hornet
 16648 | D:10     | XOM: smoke on damage
 16693 | D:10     | XOM: torment (19/127 hp)
 17060 | D:11     | Found a staircase to the Orcish Mines.
 17129 | D:10     | XOM: swap monsters
 17273 | D:10     | XOM: stat loss: -1 Str (19/20)
 17569 | D:11     | XOM: torment (59/127 hp)
 18470 | D:11     | XOM: cleaving
 18691 | D:11     | Found a shadowy altar of Dithmenos.
 18703 | D:11     | Found a staircase to the Lair.
 18971 | Lair:1   | Entered Level 1 of the Lair of Beasts
 18989 | Lair:1   | XOM: divination: magic mapping
 19030 | Lair:1   | XOM: 2-stop teleportation journey
 19047 | Lair:1   | XOM: polymorph water moccasin -> human
 19048 | Lair:1   | Reached skill level 1 in Dodging
 19055 | Lair:1   | XOM: polymorph human -> raiju
 19702 | Lair:1   | XOM: summons 5 hostile demons
 19808 | Lair:1   | XOM: summons 7 hostile demons
 20029 | Lair:1   | XOM: polymorph crocodile -> shapeshifter
 20085 | Lair:1   | XOM: give mutations
 20085 | Lair:1   | Gained mutation: You are weak. (Str -2) [Xom's mischief]
 20085 | Lair:1   | Lost mutation: You are weak. (Str -2) [Xom's mischief]
 20257 | Lair:2   | XOM: enchant monster (bad)
 20266 | Lair:2   | XOM: 1-stop teleportation journey
 20280 | Lair:2   | Reached skill level 17 in Axes
 20514 | Lair:2   | XOM: 1-stop teleportation journey
 20562 | Lair:2   | XOM is BORED!
 20562 | Lair:2   | XOM: noise
 20651 | Lair:2   | XOM: polymorph porcupine -> bullfrog
 20814 | Lair:2   | XOM: silly message
 21206 | Lair:2   | XOM: give mutations
 21206 | Lair:2   | Lost mutation: You are dopey. (Int -2) [Xom's mischief]
 21206 | Lair:2   | Lost mutation: You occasionally shout uncontrollably at
                  | your foes. [Xom's mischief]
 21206 | Lair:2   | Lost mutation: You are robust. (+10% HP) [Xom's mischief]
 21206 | Lair:2   | Gained mutation: Armour fits poorly on your strangely
                  | shaped body. [Xom's mischief]
 21343 | Lair:2   | XOM: cloud trail
 21473 | Lair:2   | XOM: give mutations
 21473 | Lair:2   | Gained mutation: Your body often deteriorates upon taking
                  | damage. [Xom's mischief]
 21473 | Lair:2   | Lost mutation: Your body often deteriorates upon taking
                  | damage. [Xom's mischief]
 21473 | Lair:2   | Lost mutation: Your body sometimes deteriorates upon taking
                  | damage. [Xom's mischief]
 21478 | Lair:3   | Lost mutation: Armour fits poorly on your strangely shaped
                  | body. [potion of mutation]
 21478 | Lair:3   | Lost mutation: Scrolls take you much longer to read.
                  | [potion of mutation]
 21478 | Lair:3   | Lost mutation: Scrolls take you longer to read. [potion of
                  | mutation]
 21478 | Lair:3   | Gained mutation: You expend magic power (3 MP) to
                  | strengthen your wands. [potion of mutation]
 21478 | Lair:3   | Gained mutation: You have sharp toenails. [potion of
                  | mutation]
 21478 | Lair:3   | Gained mutation: Your mind is acute. (Int +2) [potion of
                  | mutation]
 21581 | Lair:3   | XOM: 2-stop teleportation journey
 21585 | Lair:3   | XOM: blink monster(s)
 22030 | Lair:3   | XOM: stat loss: -1 Dex (15/16)
 22205 | Lair:3   | XOM: give mutations
 22205 | Lair:3   | Gained mutation: You occasionally shout uncontrollably at
                  | your foes. [Xom's mischief]
 22205 | Lair:3   | Gained mutation: Scrolls take you longer to read. [Xom's
                  | mischief]
 22205 | Lair:3   | Lost mutation: Scrolls take you longer to read. [Xom's
                  | mischief]
 22205 | Lair:3   | Lost mutation: Your mind is acute. (Int +2) [Xom's
                  | mischief]
 22497 | Lair:3   | XOM: give mutations
 22497 | Lair:3   | Lost mutation: Scrolls take you a little longer to read.
                  | [Xom's mischief]
 22497 | Lair:3   | Gained mutation: Your body sometimes deteriorates upon
                  | taking damage. [Xom's mischief]
 22497 | Lair:3   | Gained mutation: Your body often deteriorates upon taking
                  | damage. [Xom's mischief]
 22541 | Lair:3   | XOM: 1-stop teleportation journey
 22769 | Lair:3   | XOM: confusion
 22770 | Lair:3   | XOM: enchant monster (bad)
 22797 | Lair:3   | XOM: god gift: 7 rations
 22923 | Lair:3   | Found a hole to the Spider Nest.
 22999 | Lair:4   | XOM: give mutations
 22999 | Lair:4   | Gained mutation: You sometimes yell uncontrollably at your
                  | foes. [Xom's mischief]
 22999 | Lair:4   | Lost mutation: Your body often deteriorates upon taking
                  | damage. [Xom's mischief]
 23001 | Lair:4   | XOM: 1-stop teleportation journey
 23021 | Lair:4   | Reached XP level 14. HP: 117/126 MP: 14/14
 23223 | Lair:4   | XOM: summons 1 hostile demon
 23858 | Lair:4   | XOM: 2-stop teleportation journey
 23931 | Lair:4   | XOM: stat loss: -1 Str (25/26)
 24059 | Lair:4   | Found a staircase to the Swamp.
 24130 | Lair:4   | XOM: summons 1 hostile shadow creature
 24594 | Lair:4   | XOM: draining
 24595 | Lair:4   | XOM: noise
 24798 | Lair:5   | XOM: divination: detect items
 24875 | Lair:5   | XOM: give mutations
 24875 | Lair:5   | Gained mutation: You possess an exceptional clarity of
                  | mind. [Xom's grace]
 24875 | Lair:5   | Gained mutation: Your flesh is heat resistant. (rF+) [Xom's
                  | grace]
 24883 | Lair:5   | Found a snail-covered altar of Cheibriados.
 24943 | Lair:5   | XOM: confuse monster(s)
 24948 | Lair:5   | XOM: enchant monster (good)
 25072 | Lair:5   | You fall into a shaft and drop 1 floor!
 25072 | Lair:6   | Entered Level 6 of the Lair of Beasts
 25077 | Lair:6   | XOM: summons 2 friendly demons
 25081 | Lair:6   | XOM: summons 14 friendly demons
 25090 | Lair:6   | Reached skill level 18 in Axes
 25121 | Lair:6   | XOM: divination: detect items
 25122 | Lair:6   | XOM: enchant monster (good)
 25130 | Lair:6   | XOM: fog
 25495 | Lair:5   | XOM: polymorph yak -> fire crab
 25572 | Lair:5   | XOM: give mutation
 25572 | Lair:5   | Gained mutation: Your body often deteriorates upon taking
                  | damage. [Xom's mischief]
 25592 | Lair:5   | XOM: give mutations
 25592 | Lair:5   | Lost mutation: Your flesh is heat resistant. (rF+) [Xom's
                  | mischief]
 25592 | Lair:5   | Gained mutation: You are dopey. (Int -2) [Xom's mischief]
 25592 | Lair:5   | Lost mutation: Your body often deteriorates upon taking
                  | damage. [Xom's mischief]
 25592 | Lair:5   | Lost mutation: Your body sometimes deteriorates upon taking
                  | damage. [Xom's mischief]
 25665 | Lair:5   | XOM: cleaving
 25669 | Lair:5   | XOM: divine lightning
 25670 | Lair:5   | Found a staircase to the Slime Pits.
 26463 | Lair:6   | XOM: blink monster(s)
 26497 | Lair:6   | XOM: stat loss: -1 Str (25/26)
 26611 | Lair:6   | XOM: chaos cloud
 26883 | Lair:6   | XOM: silly message
 26899 | Lair:6   | XOM: noise
 26965 | Lair:6   | XOM is BORED!
 26965 | Lair:6   | XOM: stat loss: -3 Dex (13/16)
 27001 | Lair:6   | XOM: silly message
 27087 | Lair:6   | XOM: give mutations
 27087 | Lair:6   | Lost mutation: You expend magic power (3 MP) to strengthen
                  | your wands. [Xom's mischief]
 27087 | Lair:6   | Gained mutation: Your body sometimes deteriorates upon
                  | taking damage. [Xom's mischief]
 27092 | Lair:6   | XOM: noise
 27102 | Lair:6   | XOM: enchant monster (bad)
 27112 | Lair:6   | XOM: noise
 27116 | Lair:6   | XOM: cast spell 'Summon Hydra'
 27121 | Lair:6   | Reached skill level 19 in Axes
 27171 | Lair:6   | XOM: scenery: create altars
 27589 | Lair:6   | XOM: silly message
 27632 | Lair:6   | Reached XP level 15. HP: 47/136 MP: 15/15
 28067 | Lair:6   | XOM: polymorph spiny frog -> shapeshifter
 28094 | Lair:6   | XOM: god gift: plate armour {god gift}
 28189 | Lair:6   | XOM: torment (69/136 hp)
 28231 | Lair:6   | XOM: divination: magic mapping
 28237 | Lair:6   | XOM: summons friendly crimson imp
 28250 | Lair:6   | XOM: repel stairs
 28456 | Lair:6   | XOM: silly message
 28477 | Lair:6   | XOM: confuse monster(s)
 28480 | Lair:6   | XOM: swap monsters
 28544 | Lair:6   | XOM: fake destruction
 28549 | Lair:6   | Reached skill level 15 in Armour
 29111 | D:12     | XOM: silly message
 29374 | D:11     | XOM: scenery: create altars
 29554 | D:12     | XOM: summons 1 hostile demon
 29555 | D:12     | XOM: 9-stop teleportation journey
 29573 | D:12     | XOM: stat loss: -1 Str (27/28)
 29657 | D:12     | XOM: silly message
 29809 | D:12     | XOM: god gift: 9 stones
 29818 | D:12     | XOM: polymorph wizard -> slime creature
 30271 | D:12     | XOM: give mutations
 30271 | D:12     | Gained mutation: You are frail. (-10% HP) [Xom's mischief]
 30271 | D:12     | Lost mutation: You are frail. (-10% HP) [Xom's mischief]
 30271 | D:12     | Gained mutation: You are frail. (-10% HP) [Xom's mischief]
 30351 | D:13     | XOM: silly message
 30352 | D:13     | XOM: divination: detect items
 30577 | D:13     | XOM: divination: detect creatures
 30667 | D:13     | Found a gate to the Vaults.
 30667 | D:13     | Noticed Rupert
 30683 | D:13     | XOM: potion effect (might)
 30687 | D:13     | XOM: smoke on damage
 30687 | D:13     | Mangled by Rupert

Illustrated notes

Levels and vault maps discovered:
D:1:      dpeg_arrival_caged_fury, layout_loops_corners, minmay_crystal_room,
          minmay_close_crescents
D:2:      layout_loops_cross, fedhas_altar_1, chequers_serial_rivers_small_b
D:3:      layout_basic, lemuel_coloured_pillars_altar, grunt_qazlal_clouds,
          first_ration, uniq_ijyb, uniq_natasha
D:4:      layout_basic, cheibrodos_sewer_entry_sluice,
          kennysheep_generic_room_10, uniq_duvessa
D:5:      layout_rooms, lemuel_doored_altar, elyvilon_altar_1,
          old_standard_altar, minmay_temple_entry_gardened_gates,
          chequers_serial_rivers_large_a, chequers_serial_rivers_marsh,
          minmay_misc_feat_encased, uniq_eustachio
D:6:      layout_cave_pools, minmay_misc_feat_plants, solitary_fountain
D:7:      layout_basic, grunt_ogre_cave
D:8:      layout_basic, gammafunk_temple_overflow_statue, uniq_psyche,
          uniq_maurice
D:9:      layout_roguey, overflow_temple_1_default, enter_bailey_7,
          tso_metal_star, uniq_joseph
D:10:     layout_roguey, serial_shops, shop, minmay_misc_feat_doors, st_stairs_7
D:11:     layout_cave_pools, erik_lair_orcish_takeover, basic_altar,
          portal_ice_cave_entry_ice_beasts, trog_ov_bears_minmay
D:12:     minmay_curly_fans, layout_cave_pools
D:13:     layout_cave_pools, lightli_vaults_fourway_checkpoint,
          kennysheep_minor_cross, minivault_16, dk_noncrumbling_2,
          minmay_between, uniq_rupert
Temple:   cyrus_circular_temple
Lair:1:   layout_gridlike, minmay_hedge_maze, serial_bayou_shore_b
Lair:2:   layout_chaotic_city, grunt_megastairs_4
Lair:3:   layout_regular_city, spider_nest_entry_funnel_web
Lair:4:   layout_regular_city, nicolae_swamp_entry_splash_gauntlet,
          nicolae_quartered_pool_little, beast_lair_carwin_5
Lair:5:   wad_woods_tower, layout_regular_city, minmay_slime_entry_pillars,
          basic_altar
Lair:6:   evilmike_catoblepas_cave, layout_gridlike, serial_bayou_shore_b

Skill      XL: |  1  2  3  4  5  6  7  8  9 10 11 12 13 14 15 |
---------------+----------------------------------------------+-----
Throwing       | 1 2 3 4 5 7 10 12 | 12.0
Fighting       | 4 5 6 8 10 11 12 13 14 | 14.0
Axes           | 5 6 7 9 11 14 15 17 19 | 19.9
Armour         | 3 4 7 10 11 14 15 | 15.5
Dodging        | 3 |  3.7

Action                   |  1- 3 |  4- 6 |  7- 9 | 10-12 | 13-15 || total
-------------------------+-------+-------+-------+-------+-------++-------
Melee: Hand axe          |    98 |   408 |   624 |   183 |       ||  1313
       Unarmed           |       |     1 |       |       |       ||     1
       Whip              |       |       |    27 |       |    21 ||    48
       War axe           |       |       |    23 |   148 |    96 ||   267
       Battleaxe         |       |       |       |    69 |  1047 ||  1116
       Broad axe         |       |       |       |    12 |    55 ||    67
       Flail             |       |       |       |       |    15 ||    15
Throw: Stone             |       |     1 |     4 |    54 |       ||    59
       Dart              |       |       |     1 |       |     2 ||     3
       Boomerang         |       |       |       |       |    36 ||    36
Evoke: Wand              |       |       |     3 |     2 |     1 ||     6
  Use: Scroll            |       |     4 |    11 |     6 |    14 ||    35
       Potion            |       |       |       |     3 |     2 ||     5
 Stab: Paralysed         |       |     4 |    14 |       |     5 ||    23
       Petrified         |       |       |    16 |       |    11 ||    27
       Petrifying        |       |       |     4 |       |     2 ||     6
       Invisible         |       |       |     4 |       |       ||     4
       Confused          |       |       |     1 |     1 |     5 ||     7
       Distracted        |       |       |       |     1 |       ||     1
  Eat: Chunk             |       |    13 |    23 |    11 |    42 ||    89
       Ration            |       |       |       |     1 |     3 ||     4
Armor: Leather armour    |    35 |    33 |       |       |       ||    68
       Chain mail        |       |   200 |   323 |       |       ||   523
       Plate armour      |       |       |   123 |   244 |   932 ||  1299
Dodge: Dodged            |    61 |   180 |   229 |   151 |   625 ||  1246
Block: Other             |       |       |       |       |   201 ||   201
       Reflection        |       |       |       |       |     3 ||     3
